 Dungeon Crawl Stone Soup version 0.31-a0-246-g8cbcc1cb85 (webtiles) character file.

Game seed: 3588387690502194077

84886 Dittersdorf the Warrior (level 15, -11/104 HPs)
             Began as a Gargoyle Fighter on July 12, 2023.
             Was a High Priest of Okawaru.
             Killed from afar by Azrael (47 damage)
             ... with damnation
             ... on level 1 of the Orcish Mines.
             The game lasted 00:30:05 (17195 turns).

Dittersdorf the Warrior (Gargoyle Fighter)         Turns: 17195, Time: 00:30:06

Health: -11/104    AC: 36    Str: 32    XL:     15   Next: 82%
Magic:  15/15      EV: 15    Int: 10    God:    Okawaru [*****.]
Gold:   914        SH: 13    Dex:  9    Spells: 14/14 levels left

rFire   . . .        L - +2 flail (drain)
rCold   . . .        e - +1 kite shield
rNeg    + . .        O - +5 scale mail of Gravitas {Slay+2}
rPois   ∞            z - +2 helmet {SInv}
rElec   +            f - +0 cloak
rCorr   .            B - +2 pair of gloves
SInv    +            x - +0 pair of boots
Will    +....        y - amulet of regeneration Stlth
                     h - +5 ring of evasion
HPRegen 1.17/turn    k - +6 ring of strength
MPRegen 0.14/turn

%: no passive effects
@: flying
A: sickness immunity, AC +11, big wings, negative energy resistance 1,
electricity resistance, torment resistance 1, petrification resistance
a: Renounce Religion, Heroism, Finesse, Duel


You were on level 1 of the Orcish Mines.
You worshipped Okawaru.
Okawaru was extremely pleased with you.
You visited 4 branches of the dungeon, and saw 19 of its levels.
You also visited: Bailey.

You collected 1506 gold pieces.
You spent 592 gold pieces at shops.

Inventory:

Hand Weapons
 C - a +0 morningstar
 L - a +2 flail of draining (weapon)
Armour
 a - a +2 plate armour of fire resistance
 e - a +1 kite shield (worn)
 f - a +0 cloak (worn)
 m - a +2 plate armour of cold resistance
 x - a +0 pair of boots (worn)
 z - a +2 helmet of see invisible (worn)
 B - a +2 pair of gloves (worn)
 O - the +5 scale mail of Gravitas (worn) {Slay+2}
   (Okawaru gifted it to you on level 3 of the Lair of Beasts)

   Slay:      It affects your accuracy & damage with ranged weapons and melee
   (+2).
Jewellery
 h - a +5 ring of evasion (left hand)
 k - a +6 ring of strength (right hand)
 y - an amulet of regeneration (around neck)
 E - a ring of ice
 I - a ring of resist corrosion
 M - a ring of positive energy
 P - a ring of positive energy
 R - a ring of willpower
Wands
 u - a wand of flame (27)
 J - a wand of polymorph (5)
Scrolls
 j - 2 scrolls of enchant armour
 n - 2 scrolls of blinking
 p - 3 scrolls of revelation
 q - 7 scrolls of poison {unknown}
 r - 4 scrolls of vulnerability {unknown}
 s - 5 scrolls of teleportation {unknown}
 t - 3 scrolls of noise {unknown}
 v - 9 scrolls of fear {unknown}
 A - 2 scrolls of immolation {unknown}
 D - 2 scrolls of brand weapon
 F - 7 scrolls of fog {unknown}
 N - a scroll of enchant weapon
Potions
 b - a potion of invisibility
 c - 4 potions of cancellation
 d - a potion of might
 g - 3 potions of enlightenment
 i - 3 potions of brilliance
 l - 2 potions of berserk rage
 o - 4 potions of heal wounds
 w - 4 potions of mutation
 G - 4 potions of resistance
 H - 3 potions of magic
 Q - a potion of haste
Miscellaneous
 K - a piece from Xom's chessboard (15/15)


   Skills:
 + Level 16.1 Fighting
 + Level 13.3 Maces & Flails
 + Level 14.6 Armour
 + Level 14.7 Shields


You had 14 spell levels left.
You didn't know any spells.
Your spell library contained the following spells:

 Spells                   Type           Power      Damage    Failure   Level
 Shock                    Conj/Air       0%         1d3       63%         1
 Lesser Beckoning         Tloc           0%         N/A       77%         2
 Gell's Gravitas          Tloc           0%         N/A       94%         3
 Hailstorm                Conj/Ice       0%         3d3       94%         3
 Swiftness                Air            0%         N/A       94%         3
 Teleport Other           Tloc           0%         N/A       94%         3
 Airstrike                Air            0%         2d(0-16)  100%        4
 Dispel Undead            Necr           0%         3d6       100%        4
 Summon Small Mammal      Summ           Unusable   N/A       N/A         1
 Cigotuvi's Dreadful Rot  Necr/Pois/Air  Unusable   N/A       N/A         2
 Call Canine Familiar     Summ           Unusable   N/A       N/A         3
 Summon Guardian Golem    Hex/Summ       Unusable   N/A       N/A         3
 Summon Ice Beast         Ice/Summ       Unusable   N/A       N/A         4
 Death Channel            Necr           Unusable   N/A       N/A         6
 Simulacrum               Ice/Necr       Unusable   N/A       N/A         6

Dungeon Overview and Level Annotations

Branches:
Dungeon (11/15)            Temple (1/1) D:6            Lair (5/5) D:10
 Shoals (0/4) Lair:2       Spider (0/4) Lair:3        Slime (0/5) Lair:5
    Orc (2/2) D:11         Bailey (visited)
    Elf: Orc:2

Altars:
Ashenzari
Cheibriados
Dithmenos
Elyvilon
Fedhas
Gozag
Hepliaklqana
Kikubaaqudgha
Makhleb
Nemelex Xobeh
Okawaru
Qazlal
Ru
Sif Muna
Trog
Uskayaw
Vehumet
Wu Jian
Xom
Yredelemnul
Zin
The Shining One
Jiyva

Shops:
D:2 ?   D:5 *   D:7 *   D:9 :?   Orc:1 [!([[

Annotations:
D:8 Joseph
Orc:1 Azrael


Innate Abilities, Weirdness & Mutations

You are immune to sickness and miasma.
Your stone body is resilient. (AC +11)
You are immune to poison.
Your large and strong wings let you fly.
You resist negative energy. (rN+)
You are resistant to electric shocks. (rElec)
You are resistant to unholy torment.
You are immune to petrification.


Message History

You bludgeon Azrael!!
Azrael is heavily wounded.
Azrael barely misses you.
You barely miss Azrael.
Azrael is heavily wounded.
You block Azrael's attack.
You sock Azrael!
Azrael is severely wounded.
Azrael gestures at you.
The sphere of damnation explodes!
The damnation engulfs you!!
The damnation engulfs Azrael.
Azrael completely resists.
You are too injured to fight recklessly!
You are too injured to fight recklessly!
You are too injured to fight recklessly!
You are too injured to fight recklessly!
You are too injured to fight recklessly!
You are too injured to fight recklessly!
You are too injured to fight recklessly!
You are too injured to fight recklessly!
You are too injured to fight recklessly!
You are too injured to fight recklessly!
You are too injured to fight recklessly!
You are too injured to fight recklessly!
You are too injured to fight recklessly!
You are too injured to fight recklessly!
You are too injured to fight recklessly!
You are too injured to fight recklessly!
You are too injured to fight recklessly!
You are too injured to fight recklessly!
You are too injured to fight recklessly!
You are too injured to fight recklessly!
You are too injured to fight recklessly!
You are too injured to fight recklessly!
You hit Azrael but do no damage.
Azrael is severely wounded.
You sock Azrael!
Azrael is severely wounded.
Azrael gestures at you.
The sphere of damnation explodes!
The damnation engulfs you!!!
You die...

#...#.##......###..## ###
##..#...≈≈≈≈≈.##....## ##.###
#......≈∩.....#.....#
#....#####.#...≈≈≈≈≈.......##
##.....####.................##
##.....#..#...............#.##
##................#.........#
###........†..............##
#.........@)...........###
##.#.....R.............#
####.................##
##.##.......#....#.##
####.#....####.....# #...##.##
##....# ##.##### #....##
#...## ##.### #....## ###


You could see Azrael.

Vanquished Creatures
  An orc warlord (Bailey)
  The ghost of Zinwir the Markskobold, a journeyman KoHu of Hepliaklqana (Lair:4)
  Harold (D:9)
  4 hydras
  A merfolk avatar (Lair:5)
  5 two-headed ogres
  An orc high priest (Orc:1)
  2 skysharks (Lair:5)
  Lodul (D:11)
  3 skeletal warriors (D:11)
  2 sea snakes (Lair:5)
  An orc knight (Orc:1)
  An ugly thing (D:11)
  2 cyclopes (Orc:1)
  9 elephants
  2 black mambas
  2 torpor snails
  Maggie (D:6)
  6 rime drakes
  21 cane toads
  15 komodo dragons
  A kobold demonologist (D:11)
  9 trolls
  2 wind drakes
  A hornet (Lair:5)
  4 polar bears
  Grinder (D:3)
  19 blink frogs
  Prince Ribbit (D:7)
  4 dream sheep (Lair:4)
  A snapping turtle (Lair:5)
  Sigmund (D:2)
  A jumping spider (Lair:3)
  A culicivora (Lair:3)
  83 yaks
  A wyvern (Lair:4)
  4 basilisks
  2 fire elementals (Orc:1)
  3 redbacks
  4 steam dragons
  Menkaure (D:4)
  2 wargs
  2 acid dragons
  7 water moccasins
  3 hell hounds (Orc:1)
  Duvessa (D:5)
  An ice beast (D:8)
  10 orc warriors
  5 black bears
  6 wolves (Lair:3)
  13 ogres
  A centaur (D:9)
  3 phantoms
  20 bullfrogs
  4 gnoll sergeants
  A scorpion (D:5)
  Dowan (D:5)
  6 wights
  12 killer bees
  A howler monkey (D:6)
  3 electric eels
  9 hounds
  3 jellies
  16 orc priests
  3 iguanas (D:6)
  4 gnoll boudas
  2 sleepcaps
  7 orc wizards
  4 hell rats (Lair:2)
  26 gnolls
  9 adders
  2 shadow imps
  3 white imps
  An ufetubus (D:7)
  A worm (D:3)
  2 dart slugs
  44 orcs
  7 endoplasms
  2 giant cockroaches
  17 goblins
  10 hobgoblins
  4 jackals
  4 quokkas
  7 ball pythons
  8 bats
  5 frilled lizards
  16 kobolds
  9 rats
553 creatures vanquished.

Vanquished Creatures (others)
  2 orcs
2 creatures vanquished.

Grand Total: 555 creatures vanquished

Notes
Turn   | Place    | Note
-------+----------+-------------------------------------------
     0 | D:1      | Dittersdorf the Gargoyle Fighter began the quest for the
                  | Orb.
     0 | D:1      | Reached XP level 1. HP: 14/14 MP: 1/1
    76 | D:1      | Reached XP level 2. HP: 18/19 MP: 2/2
   576 | D:2      | Reached XP level 3. HP: 15/23 MP: 3/3
   747 | D:2      | Noticed Sigmund
   776 | D:2      | Killed Sigmund
   777 | D:2      | Reached skill level 4 in Fighting
   777 | D:2      | Reached XP level 4. HP: 22/30 MP: 4/4
   777 | D:2      | Reached XP level 5. HP: 25/34 MP: 5/5
   836 | D:2      | Found Naozaa Bulut's Magic Scroll Shoppe.
   841 | D:2      | Identified the +0 chain mail "Yrarre Ofij" {Dex+2}
   935 | D:2      | Reached XP level 6. HP: 39/39 MP: 6/6
  1065 | D:2      | Found a faded altar of an unknown god.
  1747 | D:3      | Noticed Grinder
  1764 | D:3      | Paralysed by Grinder for 4 turns
  1769 | D:3      | Killed Grinder
  1770 | D:3      | Reached skill level 5 in Fighting
  1770 | D:3      | Reached skill level 5 in Armour
  1770 | D:3      | Reached skill level 5 in Shields
  1770 | D:3      | Reached XP level 7. HP: 36/44 MP: 7/7
  2267 | D:5      | Entered Level 5 of the Dungeon
  2301 | D:5      | Noticed Duvessa
  2301 | D:5      | Noticed Dowan
  2317 | D:5      | Killed Duvessa
  2344 | D:5      | Killed Dowan
  2382 | D:5      | Reached XP level 8. HP: 51/51 MP: 8/8
  2669 | D:4      | Reached skill level 6 in Fighting
  2669 | D:4      | Reached skill level 5 in Maces & Flails
  2701 | D:4      | Noticed Menkaure
  2711 | D:4      | Killed Menkaure
  2757 | D:4      | Found a hazy altar of Hepliaklqana.
  3342 | D:5      | Found Feduluif's General Store.
  3622 | D:6      | Reached XP level 9. HP: 55/56 MP: 9/9
  3702 | D:6      | Found a white marble altar of Elyvilon.
  3706 | D:6      | Found an iron altar of Okawaru.
  3813 | D:6      | Reached skill level 7 in Fighting
  3993 | D:7      | Found a snail-covered altar of Cheibriados.
  4014 | D:7      | Found a shadowy altar of Dithmenos.
  4014 | D:7      | Found a shimmering altar of Xom.
  4022 | D:7      | Found a faded altar of an unknown god.
  4024 | D:7      | Found a blossoming altar of Fedhas.
  4026 | D:7      | Found a faded altar of an unknown god.
  4184 | D:7      | Found an opulent altar of Gozag.
  4384 | D:7      | Found a hide-covered altar of Uskayaw.
  4677 | D:6      | Noticed Maggie
  4708 | D:6      | Killed Maggie
  4768 | D:6      | Found a staircase to the Ecumenical Temple.
  4774 | Temple   | Entered the Ecumenical Temple
  5559 | D:7      | Found Zin's Purification Station.
  5566 | D:7      | Found a glowing silver altar of Zin.
  5617 | D:6      | Became a worshipper of Warmaster Okawaru
  6140 | D:8      | Reached skill level 8 in Fighting
  6183 | D:8      | Reached * piety under Okawaru
  6236 | D:8      | Reached XP level 10. HP: 64/64 MP: 10/10
  6308 | D:8      | Noticed Prince Ribbit
  6393 | D:7      | Killed Prince Ribbit
  6518 | D:8      | Reached ** piety under Okawaru
  6564 | D:8      | Noticed Joseph
  6564 | D:8      | You fall into a shaft and drop 2 floors!
  6564 | D:10     | Entered Level 10 of the Dungeon
  6722 | D:10     | Reached skill level 9 in Fighting
  6807 | D:10     | Reached *** piety under Okawaru
  6975 | D:10     | Reached XP level 11. HP: 49/71 MP: 11/11
  7104 | D:10     | Reached skill level 10 in Shields
  7202 | D:10     | Reached **** piety under Okawaru
  7203 | D:10     | Reached skill level 10 in Fighting
  7203 | D:10     | Reached skill level 10 in Armour
  7255 | D:10     | Found a staircase to the Lair.
  7620 | D:9      | Noticed a two-headed ogre
  7781 | D:10     | Noticed a two-headed ogre
  7795 | D:10     | Killed a two-headed ogre
  8086 | D:9      | Killed a two-headed ogre
  8113 | D:9      | Found Wypol's Book Emporium.
  8149 | D:9      | Reached ***** piety under Okawaru
  8162 | D:9      | Noticed Harold
  8185 | D:9      | Killed Harold
  8201 | D:9      | Reached XP level 12. HP: 19/79 MP: 12/12
  8284 | D:9      | Found a flagged portal.
  8304 | Bailey   | Entered a bailey
  8378 | Bailey   | Noticed an orc warlord
  8891 | Bailey   | Reached skill level 11 in Fighting
  9143 | Bailey   | Found a runed translucent gate.
  9144 | Bailey   | Found a runed translucent gate.
  9145 | Bailey   | Found a runed translucent gate.
  9263 | Bailey   | Killed an orc warlord
  9263 | Bailey   | Received a gift from Okawaru
  9371 | D:9      | Reached skill level 10 in Maces & Flails
  9419 | D:9      | Found a stormy altar of Qazlal.
  9433 | D:9      | Found Hociri's Magic Scroll Boutique.
  9833 | Lair:1   | Entered Level 1 of the Lair of Beasts
  9973 | Lair:1   | Received a gift from Okawaru
 11090 | Lair:2   | Reached skill level 12 in Fighting
 11311 | Lair:2   | Found a staircase to the Shoals.
 11475 | Lair:2   | Reached XP level 13. HP: 72/86 MP: 13/13
 12031 | Lair:3   | Identified the +5 scale mail of Gravitas {Slay+2} (Okawaru
                  | gifted it to you on level 3 of the Lair of Beasts)
 12031 | Lair:3   | Received a gift from Okawaru
 12426 | Lair:3   | Reached skill level 13 in Fighting
 12506 | Lair:3   | Found a hole to the Spider Nest.
 13364 | Lair:4   | Gained mutation: Your large and strong wings let you fly.
                  | [Gargoyle growth]
 13364 | Lair:4   | Reached XP level 14. HP: 92/94 MP: 14/14
 13371 | Lair:4   | Reached ****** piety under Okawaru
 13443 | Lair:4   | Found a runed translucent gate.
 13444 | Lair:4   | Found a runed translucent gate.
 13444 | Lair:4   | Found a runed translucent gate.
 13449 | Lair:4   | Noticed Zinwir's ghost (journeyman KoHu)
 13631 | Lair:4   | Reached skill level 15 in Fighting
 13631 | Lair:4   | Reached XP level 15. HP: 21/103 MP: 12/15
 13656 | Lair:4   | Killed Zinwir's ghost
 13771 | Lair:5   | Entered Level 5 of the Lair of Beasts
 14108 | Lair:5   | HP: 5/103 [sea snake (9)]
 14144 | Lair:5   | Received a gift from Okawaru
 14249 | Lair:5   | Found a staircase to the Slime Pits.
 14253 | Lair:5   | Found a viscous altar of Jiyva.
 14388 | Lair:5   | Identified the +0 helmet of Otzudim {rC+}
 15169 | D:11     | Found a staircase to the Orcish Mines.
 15186 | D:11     | Noticed Lodul
 15222 | D:11     | Killed Lodul
 16173 | Orc:1    | Entered Level 1 of the Orcish Mines
 16211 | Orc:1    | Reached skill level 16 in Fighting
 16329 | Orc:1    | Found Eqakk's Armour Emporium.
 16337 | Orc:1    | Bought a +2 helmet of see invisible for 322 gold pieces
 16402 | Orc:1    | Identified the +0 robe of the Jackalope {rF- rC+ Dex+6}
                  | (Okawaru gifted it to you on level 1 of the Orcish Mines)
 16402 | Orc:1    | Received a gift from Okawaru
 16696 | Orc:2    | Entered Level 2 of the Orcish Mines
 16742 | Orc:1    | Found Veqituzer's Distillery.
 16781 | Orc:1    | Bought a potion of heal wounds for 75 gold pieces
 16781 | Orc:1    | Bought a potion of heal wounds for 75 gold pieces
 16781 | Orc:1    | Bought a potion of mutation for 120 gold pieces
 16841 | Orc:1    | Found Amuiwune's Weapon Shoppe.
 16933 | Orc:1    | Found Metoep's Armour Shop.
 16940 | Orc:1    | Found Ymygogeq's Antique Armour Emporium.
 17064 | Orc:2    | Noticed Azrael
 17195 | Orc:1    | Killed from afar by Azrael

Illustrated notes

Levels and vault maps discovered:
D:1:      shiori_arrival_maze, layout_basic, minmay_tiny_reverse_x
D:2:      layout_rooms, serial_shops, shop, dilly_ecumenical_altar_fadedgnrine,
          minmay_bisected, uniq_sigmund
D:3:      minmay_razor_zed, layout_basic, kennysheep_generic_room_14,
          uniq_grinder
D:4:      layout_basic, mainiacjoe_overflow_surrounded_room,
          kennysheep_generic_room_2, uniq_menkaure
D:5:      layout_basic, serial_shops, shop, uniq_duvessa
D:6:      layout_loops_ring, nicolae_overflow_hidden_temple,
          minmay_temple_entry_enclosed_plants, fountainhead,
          hangedman_abyss_or_decor_stagger, minmay_fractal_squares_diagonal_5,
          uniq_maggie
D:7:      layout_loops_corners, kennysheep_mini, overflow_temple_1_default,
          lemuel_round_altar, chequers_temple_overflow_minitemple, zin_purify
D:8:      layout_cave_pools, uniq_erica, uniq_joseph, uniq_prince_ribbit1,
          uniq_maurice
D:9:      layout_cave_pools, mainiacjoe_overflow_tiny_flanked,
          serial_gnoll_camp, gnoll_camp_mini_shop, gnoll_camp_mini_basic,
          gnoll_camp_huts_basic, gnoll_camp_mini_shop, gnoll_camp_mini_hut,
          enter_bailey_3, uniq_harold
D:10:     layout_layer_cave, grunt_lair_entry_orc_guard_hut
D:11:     minmay_curly_fans, layout_layer_cave, orc_0_dummy,
          minmay_misc_feat_ornament, uniq_lodul
Temple:   minmay_temple_curvy_loop
Lair:1:   layout_concentric_octagons, grunt_megastairs_4, serial_bayou_shore_a
Lair:2:   layout_cave_pods, elwin_shoals_entry_rocks
Lair:3:   layout_cave_shapes, nicolae_spider_entry_tight_spaces
Lair:4:   layout_hall_layers, ebering_ghost_rock_garden, beast_lair_carwin_1
Lair:5:   gammafunk_lair_ancient_temple, layout_misc_corridors,
          nicolae_slime_entry_field_trip
Orc:1:    layout_caves, serial_shops, shop, nicolae_shop_window_shopping, shop,
          nicolae_shop_peninsula, nicolae_shop_mannequins, minmay_orc_temple_c
Orc:2:    st_orc_congregation, layout_caves, mines3_lemuel, uniq_urug,
          uniq_azrael

Skill      XL: |  1  2  3  4  5  6  7  8  9 10 11 12 13 14 15 |
---------------+----------------------------------------------+-----
Fighting       | 4 5 6 8 9 10 12 13 15 16 | 16.1
Maces & Flails | 3 4 5 7 8 9 11 12 13 | 13.3
Armour         | 4 5 6 8 9 10 12 13 14 | 14.6
Shields        | 4 5 7 8 9 11 12 13 14 | 14.7

Action                     |  1- 3 |  4- 6 |  7- 9 | 10-12 | 13-15 || total
---------------------------+-------+-------+-------+-------+-------++-------
  Melee: Flail             |    90 |    65 |   464 |  1083 |  1128 ||  2830
  Throw: Dart              |       |     7 |    21 |    10 |       ||    38
 Invoke: Heroism           |       |       |       |     3 |     8 ||    11
  Evoke: Wand              |       |     2 |    13 |       |       ||    15
    Use: Scroll            |       |       |    12 |     6 |     4 ||    22
         Potion            |       |       |       |       |     8 ||     8
 Armour: Scale mail        |    44 |       |       |       |   620 ||   664
         Chain mail        |       |    26 |   260 |   532 |       ||   818
         Plate armour      |       |       |       |    93 |   118 ||   211
  Dodge: Dodged            |    47 |    27 |   337 |   721 |   812 ||  1944
  Block: Buckler           |    20 |    27 |   130 |   228 |       ||   405
         Kite shield       |       |       |       |   294 |   882 ||  1176

Table legend: (Time is in decaauts)
 A = Elapsed time spent in this place.
 B = Non-inter-level travel time spent in this place.
 C = Inter-level travel time spent in this place.
 D = Time resting spent in this place.
 E = Time spent auto-exploring this place.
 F = Levels seen in this place.
 G = Mean time per level.
                   A        B        C        D        E       F      G
               +--------+--------+--------+--------+--------+-----+--------+
         Total |  17201 |  16211 |    990 |   1395 |   9797 |  20 |  860.0 |
       Dungeon |  10093 |   9398 |    695 |    273 |   6212 |  11 |  917.5 |
        Temple |    223 |    191 |     32 |      0 |    186 |   1 |  223.0 |
          Lair |   4961 |   4749 |    212 |    345 |   2919 |   5 |  992.2 |
  Orcish Mines |    935 |    886 |     49 |    101 |    450 |   2 |  467.5 |
        Bailey |    987 |    987 |      0 |    676 |     30 |   1 |  987.0 |
               +--------+--------+--------+--------+--------+-----+--------+

Top non-repeatable levels by time:
    D:10: 1603 daAuts
    D:11: 1293 daAuts
  Lair:4: 1239 daAuts
  Lair:1: 1198 daAuts
     D:6: 1095 daAuts
     D:7: 1086 daAuts
  Lair:2: 1003 daAuts
  Bailey: 987 daAuts
     D:3: 973 daAuts
   Orc:1: 860 daAuts
     D:5: 855 daAuts
  Lair:5: 807 daAuts
     D:9: 718 daAuts
  Lair:3: 712 daAuts
     D:2: 680 daAuts
